AoeStats
← MXFXAlpha

Glade

510368292Analyzed
1v1 RM · 7h ago on Sep 30, 2026· 42m 26s· 2 players
Game mode
Random Map
Map size
Tiny (2 player)
Population
200
Speed
Normal
Resources
Standard
Victory
Conquest
Starting age
Dark Age
Ending age
Imperial Age
RankedLock teamsTeams togetherTeam positionsShared explorationLock speedFull tech treeHidden civsTurbo modeCheats
Victory
Defeat
🇦🇷 Japanese · Argentina
832
+16
🇬🇧 Persians · United Kingdom
831
-16
MXFXAlpha
4:51 Loom
9:33 Feudal Age
10:18 Double-Bit Axe
11:25 Fletching
11:44 Horse Collar
19:40 Castle Age
18:17 Scale Barding Armor
18:23 Forging
18:14 Gold Mining
19:45 Forging
20:43 Bow Saw
20:17 Crossbowman
22:06 Wheelbarrow
22:05 Heavy Plow
22:16 Squires
23:16 Husbandry
24:53 Bodkin Arrow
25:19 Chain Barding Armor
25:07 Thumb Ring
26:07 Bloodlines
28:18 Stone Mining
28:39 Padded Archer Armor
31:12 Town Watch
35:52 Imperial Age
35:26 Kamandaran
36:26 Leather Archer Armor
37:29 Two-Man Saw
37:20 Chain Barding Armor
37:35 Iron Casting
37:31 Masonry
39:20 Hoardings
39:07 Conscription
38:18 Cavalier
41:12 Hand Cart
灰色誠
4:43 Loom
12:59 Feudal Age
13:04 Man-at-Arms
13:34 Double-Bit Axe
14:12 Arson
16:09 Wheelbarrow
20:23 Castle Age
19:01 Scale Mail Armor
20:59 Forging
21:23 Squires
21:44 Hand Cart
22:38 Long Swordsman
25:50 Chain Mail Armor
26:02 Gambesons
29:45 Gold Mining
30:53 Pikeman
34:51 Imperial Age
33:28 Bow Saw
34:51 Iron Casting
40:25 Plate Mail Armor
41:44 Conscription
43:13 Blast Furnace
Connection lost

Rejoining the realm…

Still unreachable

The connection could not be restored.

Session expired

The server has moved on; the page needs a fresh start.